 Dungeon Crawl Stone Soup version 0.27.0-1-g7a089689b8 (webtiles) character file.

Game seed: 17235464559371769027

0 MajorAdolf the Chiller (level 1, -1/15 HPs)
             Began as a Naga Wanderer on Aug 16, 2021.
             Slain by an adder zombie (3 damage)
             ... on level 1 of the Dungeon.
             The game lasted 00:00:29 (134 turns).

MajorAdolf the Chiller (Naga Wanderer)               Turns: 134, Time: 00:00:30

Health: -1/15      AC:  1    Str: 13    XL:     1   Next: 10%
Magic:  2/2        EV:  9    Int: 13    God:
Gold:   0          SH:  0    Dex: 10    Spells: 2/2 levels left

rFire    . . .     SeeInvis +   a - +2 dagger
rCold    . . .     Faith    .   (no shield)
rNeg     . . .     Spirit   .   f - +0 robe
rPois    +         Reflect  .   (no helmet)
rElec    .         Harm     .   (no cloak)
rCorr    .         Rampage  .   (no gloves)
Will     .....                  (no barding)
Stlth    ++........             (no amulet)
HPRegen  0.05/turn              (no ring)
MPRegen  0.08/turn              (no ring)

@: very slow
A: AC +0, large, see invisible, deformed body, poison resistance, slowness 2,
spit poison 1, naga tail 1
a: Spit Poison


You were on level 1 of the Dungeon.
You visited 1 branch of the dungeon, and saw 1 of its levels.

Inventory:

Hand Weapons
 a - a +2 dagger (weapon)
 e - a +0 dagger
Missiles
 d - 14 poisoned darts (quivered)
Armour
 f - a +0 robe (worn)
Potions
 b - a potion of haste
 c - a potion of lignification


   Skills:
 + Level 0.1 Fighting
 - Level 2.0 Staves
 - Level 1.0 Throwing
 + Level 1.6 Stealth
 - Level 1.0 Shields
 - Level 1.0 Spellcasting
 - Level 2.0 Transmutations
 - Level 2.0 Ice Magic


You had 2 spell levels left.
You didn't know any spells.
Your spell library was empty.

Dungeon Overview and Level Annotations

Branches:
Dungeon (1/15)

Altars:


Innate Abilities, Weirdness & Mutations

Your serpentine skin is tough. (AC +0)
You have supernaturally acute eyesight. (SInv)
Armour fits poorly on your strangely shaped body.
Your system is resistant to poisons. (rPois)
You cover ground very slowly.
You can spit poison.
You have a snake-like lower body.


Message History

You start resting.
HP restored.
Unknown command.
Found 18 stones.
There is a large open door here.
There is a large open door here.
An adder zombie comes into view.
There is a large open door here.
There is a large open door here.
You hit the adder zombie.
The adder zombie is lightly damaged.
The adder zombie bites you.
You hit the adder zombie.
The adder zombie is moderately damaged.
The adder zombie bites you.
You hit the adder zombie.
The adder zombie is heavily damaged.
The adder zombie bites you.
You hit the adder zombie but do no damage.
The adder zombie is heavily damaged.
The adder zombie bites you.
You closely miss the adder zombie.
The adder zombie is heavily damaged.
The adder zombie closely misses you.
You closely miss the adder zombie.
The adder zombie is heavily damaged.
The adder zombie bites you. The adder zombie closely misses you.
You hit the adder zombie.
The adder zombie is severely damaged.
The adder zombie bites you.
* * * LOW HITPOINT WARNING * * *
You barely miss the adder zombie.
The adder zombie is severely damaged.
The adder zombie bites you.
* * * LOW HITPOINT WARNING * * *
Unknown command.
You hit the adder zombie.
The adder zombie is almost destroyed.
The adder zombie bites you.
You die...

#♣##+##♣# #+#
♣≈.....≈♣
#.##♣.......♣
###.8#.........
#≈#.##...≈♣≈?..
♣8.@Z...♣8♣...
#≈#.##...≈♣≈. .
#.8#.(.......
#.##♣.......♣
##'##♣≈.....≈♣
#8.8##♣##+##♣
#...###8#+#8
#...'.......
#...##8##.##


You could see an adder zombie.

Vanquished Creatures
  A ball python zombie (D:1)
1 creature vanquished.

Notes
Turn   | Place    | Note
-------+----------+-------------------------------------------
     0 | D:1      | MajorAdolf the Naga Wanderer began the quest for the Orb.
     0 | D:1      | MajorAdolf set off with the following items: a +2 dagger, a
                  | potion of haste, a potion of lignification, 14 poisoned
                  | darts, a +0 dagger, a +0 robe
     0 | D:1      | Reached XP level 1. HP: 15/15 MP: 2/2
   134 | D:1      | Slain by an adder zombie

Illustrated notes

Levels and vault maps discovered:
D:1:      saegor_arrival_fortress, layout_loops_ring

Action                   || total
-------------------------++-------
Melee: Dagger            ||    11
 Abil: Spit Poison       ||     1
Dodge: Dodged            ||     2
